 Dungeon Crawl Stone Soup version 0.28.0-53-g5a82cb258f (webtiles) character file.

Game seed: 17149573340505140076

5365 Zeld the Geomancer (level 10, -7/50 HPs)
             Began as a Gargoyle Earth Elementalist on May 20, 2022.
             Was an Initiate of Vehumet.
             Killed from afar by a hell hog (16 damage)
             ... with a fireball
             ... on level 1 of the Abyss.
             The game lasted 00:10:09 (12174 turns).

Zeld the Geomancer (Gargoyle Earth Elementalist)   Turns: 12174, Time: 00:10:09

Health: -7/50      AC: 14    Str: 15    XL:     10   Next: 65%
Magic:  22/22      EV: 13    Int: 19    God:    Vehumet [......]
Gold:   104        SH:  0    Dex: 10    Spells: 20/26 levels left

rFire   . . .      SeeInvis .   r - +2 hand axe (venom)
rCold   . . .      Faith    .   (no shield)
rNeg    + + .      Spirit   .   b - +1 robe "Qedeshry" {rN+ Str+2}
rPois   ∞          Reflect  .   i - +0 helmet
rElec   +          Harm     .   j - +1 cloak
rCorr   .          Rampage  .   (no gloves)
Will    .....                   y - +0 pair of boots
Stlth   ++........              (no amulet)
HPRegen 0.16/turn               (no ring)
MPRegen 0.18/turn               (no ring)

@: no status effects
A: sickness immunity, AC +7, negative energy resistance 1, electricity
resistance, torment resistance 1, petrification resistance
a: Renounce Religion


You were on level 1 of the Abyss.
You worshipped Vehumet.
Vehumet was noncommittal.
You visited 2 branches of the dungeon, and saw 9 of its levels.
You visited the Abyss 1 time.

You collected 401 gold pieces.
You spent 297 gold pieces at shops.

Inventory:

Hand Weapons
 r - a +2 hand axe of venom (weapon)
Missiles
 s - 94 stones
Armour
 b - the +1 robe "Qedeshry" (worn) {rN+ Str+2}
   (You took it off a kobold on level 2 of the Dungeon)

   Str:       It affects your strength (+2).
   rN:        It protects you from negative energy.
 i - a +0 helmet (worn)
 j - a +1 cloak (worn)
 y - a +0 pair of boots (worn)
Wands
 c - a wand of acid (13)
 v - a wand of flame (9)
 C - a wand of paralysis (3)
Scrolls
 d - a scroll of silence {unknown}
 g - a scroll of magic mapping {unknown}
 k - 4 scrolls of teleportation {unknown}
 l - 9 scrolls of identify {unknown}
 o - 5 scrolls of fear {unknown}
 p - a scroll of enchant weapon {unknown}
 t - 4 scrolls of brand weapon {unknown}
 x - a scroll of noise {unknown}
 z - a scroll of vulnerability {unknown}
Potions
 a - a potion of resistance
 e - 3 potions of lignification {unknown}
 f - 3 potions of flight {unknown}
 h - a potion of attraction {unknown}
 m - 7 potions of curing
 n - 3 potions of mutation {unknown}
 q - a potion of heal wounds {unknown}
 u - a potion of degeneration {unknown}
 w - a potion of haste {unknown}
 A - 2 potions of invisibility {unknown}
 B - a potion of brilliance {unknown}


   Skills:
 + Level 5.4 Dodging
 - Level 2.1 Stealth
 * Level 8.6 Spellcasting
 + Level 5.2 Transmutations
 * Level 11.3 Earth Magic


You had 20 spell levels left.
You knew the following spells:

 Your Spells              Type           Power      Damage    Failure   Level
a - Sandblast             Erth           100%       2d20      1%          1
b - Passwall              Tmut/Erth      32%        N/A       1%          2
c - Stone Arrow           Conj/Erth      58%        3d10      2%          3

Your spell library contained the following spells:

 Spells                   Type           Power      Damage    Failure   Level
 Petrify                  Tmut/Erth      39%        N/A       2%          4
 Gell's Gravitas          Tloc           8%         N/A       26%         3
 Teleport Other           Tloc           8%         N/A       26%         3
 Freezing Cloud           Conj/Ice/Air   4%         6-21      94%         5
 Dispersal                Tloc           4%         N/A       100%        6
 Simulacrum               Ice/Necr       4%         N/A       100%        6
 Polar Vortex             Ice            4%         N/A       100%        9


Dungeon Overview and Level Annotations

Branches:
Dungeon (8/15)             Temple (1/1) D:6
   Lair: D:8-11

Altars:
Ashenzari
Cheibriados
Dithmenos
Elyvilon
Fedhas
Gozag
Kikubaaqudgha
Makhleb
Nemelex Xobeh
Okawaru
Qazlal
Ru
Sif Muna
Trog
Uskayaw
Vehumet
Xom
Yredelemnul
Zin

Shops:
D:2 *   D:3 !   D:5 (

Annotations:
D:8 Psyche


Innate Abilities, Weirdness & Mutations

You are immune to sickness and miasma.
Your stone body is resilient. (AC +7)
You are immune to poison.
You resist negative energy. (rN+)
You are resistant to electric shocks. (rElec)
You are resistant to unholy torment.
You are immune to petrification.


Message History

You start resting.
Magic restored.
You climb downwards.
Level annotation: Psyche Psyche mumbles some strange words.
A swirling arc of seething chaos appears!
The arc of chaos hits you but does no damage.
You resist. Psyche hits you but does no damage.
There is a stone staircase leading up here.
Casting: Stone Arrow (dangerous; 2% risk of failure)
Confirm with . or Enter, or press ? or * to list all spells.
Aiming: Stone Arrow (dangerous; 2% risk of failure)
Press: ? - help, Shift-Dir - straight line, f - Psyche
Aim: Psyche, wielding a +1 dagger of distortion and wearing a +0 robe (64% to hit)
You miscast Stone Arrow.
You are very lightly contaminated with residual magic.
Nothing appears to happen.
Psyche hits you but does no damage.
You are cast into the Abyss!
This branch contains the abyssal rune of Zot.
Unknown command.
Casting: Stone Arrow (dangerous; 2% risk of failure)
Confirm with . or Enter, or press ? or * to list all spells.
You can't see any susceptible monsters within range! (Use Z to cast anyway.) Unknown command.
Your magical contamination has completely faded away. 2 hell hogs come into view.
A hell hog comes into view.
The hell hog squeals angrily. x2; You hear an angry squeal.
The hell hog squeals angrily.
Found a radiant altar of Vehumet.
The hell hog breathes fire at you.
The fireball explodes!
The fireball engulfs you!!
Unknown command.
Okay, then.
The hell hog breathes fire at you.
The fireball explodes!
The fireball engulfs you!!
* * * LOW HITPOINT WARNING * * *
The hell hog breathes fire at you.
The fireball explodes!
The fireball engulfs you!
You die...

. . . .......### .#
. _.## #........
....###.#h##......##
.........h.h.#......
.#.....# ###h.## .
........#...#
.....#.##.#...#
......h..#.#...#
.... .#..# #@.#....#
......####...#....##
...## ....#.###....
.. #.#.###.. .... ..
... ... .. .### . #
. ..


You could see 2 hell hogs.

Vanquished Creatures
  Harold (D:8)
  Pikel (D:6)
  Joseph (D:7)
  Maggie (D:7)
  A troll (D:5)
  A hornet (D:7)
  Prince Ribbit (D:8)
  Sigmund (D:5)
  A wraith (D:6)
  Grum (D:8)
  An orc warrior (D:6)
  Duvessa (D:5)
  3 necrophages
  4 ogres
  2 black bears
  4 wolves
  2 centaurs
  A phantom (D:6)
  A gnoll sergeant (D:6)
  2 scorpions
  A water moccasin zombie (D:3)
  Dowan (D:5)
  A water moccasin skeleton (D:5)
  6 electric eels (D:7)
  A bullfrog zombie (D:5)
  An orc priest (D:6)
  A centaur skeleton (D:5)
  2 hounds (D:5)
  A bullfrog skeleton (D:6)
  6 iguanas
  2 orc wizards (D:6)
  A killer bee zombie (D:7)
  A hound skeleton (D:5)
  5 gnolls (D:6)
  4 adders
  An ufetubus (D:6)
  An adder skeleton (D:4)
  2 worms
  3 dart slugs
  8 orcs
  5 endoplasms
  2 giant cockroaches
  12 goblins
  4 hobgoblins
  5 kobolds
  2 quokkas
  10 ball pythons
  5 bats
  A frilled lizard (D:3)
  5 rats
131 creatures vanquished.

Vanquished Creatures (others)
  An adder (D:6)
  A white imp (D:6)
  An orc (D:8)
  5 plants (D:7)
8 creatures vanquished.

Grand Total: 139 creatures vanquished

Notes
Turn   | Place    | Note
-------+----------+-------------------------------------------
     0 | D:1      | Zeld the Gargoyle Earth Elementalist began the quest for
                  | the Orb.
     0 | D:1      | Reached XP level 1. HP: 10/10 MP: 3/3
   167 | D:1      | Reached XP level 2. HP: 15/15 MP: 3/5
   241 | D:1      | Reached skill level 1 in Transmutations
   244 | D:1      | Learned a level 2 spell: Passwall
   440 | D:1      | Found a faded altar of an unknown god.
   450 | D:1      | Reached skill level 4 in Earth Magic
   944 | D:1      | Reached XP level 3. HP: 19/19 MP: 4/6
   948 | D:1      | Learned a level 3 spell: Stone Arrow
  1417 | D:2      | Found Peydofol's Assorted Antiques.
  1425 | D:2      | Bought a viscous green potion for 26 gold pieces
  1506 | D:2      | Identified the +1 robe "Qedeshry" {rN+ Str+2}
  1874 | D:2      | Reached XP level 4. HP: 24/24 MP: 5/8
  2457 | D:3      | Found Pydiklod's Distillery.
  2463 | D:3      | Bought a potion of curing for 42 gold pieces
  2667 | D:3      | Reached XP level 5. HP: 26/28 MP: 2/9
  2776 | D:3      | Found a shadowy altar of Dithmenos.
  2777 | D:3      | Found a shimmering blue altar of Sif Muna.
  2778 | D:3      | Found a snail-covered altar of Cheibriados.
  2781 | D:3      | Found a blossoming altar of Fedhas.
  3068 | D:4      | Noticed a necrophage
  3079 | D:4      | Killed a necrophage
  3080 | D:4      | Reached skill level 5 in Earth Magic
  3080 | D:4      | Reached XP level 6. HP: 32/32 MP: 5/11
  3276 | D:4      | Noticed a black bear
  3283 | D:4      | Killed a black bear
  3284 | D:4      | Reached skill level 6 in Earth Magic
  3284 | D:4      | Reached XP level 7. HP: 23/36 MP: 4/13
  4203 | D:5      | Entered Level 5 of the Dungeon
  4665 | D:5      | Noticed Duvessa
  4688 | D:5      | Killed Duvessa
  4689 | D:5      | Reached skill level 5 in Spellcasting
  4704 | D:5      | Noticed Dowan
  4706 | D:5      | Killed Dowan
  4707 | D:5      | Reached skill level 7 in Earth Magic
  4707 | D:5      | Reached XP level 8. HP: 30/41 MP: 8/15
  5148 | D:5      | Noticed a troll
  5158 | D:5      | Killed a troll
  5275 | D:5      | Noticed Sigmund
  5277 | D:5      | Killed Sigmund
  5278 | D:5      | Reached skill level 8 in Earth Magic
  5666 | D:5      | Found Fouplemi's Antique Weapon Shoppe.
  5753 | D:2      | Bought 3 scrolls labelled DEFEET VESMEBY for 87 gold pieces
  5753 | D:2      | Bought a scroll labelled PIT COSATAKHLAI for 29 gold pieces
  6362 | D:6      | Noticed Pikel
  6374 | D:6      | Killed Pikel
  6375 | D:6      | Reached skill level 9 in Earth Magic
  6375 | D:6      | Reached XP level 9. HP: 45/45 MP: 2/19
  7322 | D:6      | Found a staircase to the Ecumenical Temple.
  7349 | Temple   | Entered the Ecumenical Temple
  7464 | Temple   | Became a worshipper of Vehumet
  8406 | D:2      | Bought a scroll labelled PIT COSATAKHLAI for 29 gold pieces
  8457 | D:3      | Bought 2 potions of curing for 84 gold pieces
  8740 | D:7      | Noticed a hornet
  8988 | D:7      | Killed a hornet
  8989 | D:7      | Reached skill level 10 in Earth Magic
  9029 | D:7      | Noticed Maggie
  9038 | D:7      | Killed Maggie
  9039 | D:7      | Reached XP level 10. HP: 20/50 MP: 0/21
  9238 | D:7      | Found the +7 staff of the Meek {protect, meekguard}
  9521 | D:7      | Identified the +2 falchion "Sueblal" {vorpal, rPois rC+++
                  | Int-4 Dex-4}
  9574 | D:7      | Noticed Joseph
 10560 | D:7      | Killed Joseph
 10561 | D:7      | Reached skill level 5 in Dodging
 11205 | D:8      | Noticed Harold
 11218 | D:8      | Paralysed by Harold for 7 turns
 11473 | D:8      | Killed Harold
 11474 | D:8      | Reached skill level 5 in Transmutations
 11474 | D:8      | Reached skill level 11 in Earth Magic
 11564 | D:8      | Noticed Grum
 11572 | D:8      | Killed Grum
 12029 | D:8      | Noticed Prince Ribbit
 12035 | D:8      | Noticed Psyche
 12037 | D:8      | Killed Prince Ribbit
 12149 | D:8      | Cast into level 1 of the Abyss (Psyche)
 12163 | Abyss:1  | Noticed a hell hog
 12163 | Abyss:1  | Noticed a hell hog
 12163 | Abyss:1  | Noticed a hell hog
 12165 | Abyss:1  | Found a radiant altar of Vehumet.
 12174 | Abyss:1  | Killed from afar by a hell hog

Illustrated notes

Levels and vault maps discovered:
D:1:      lemuel_arrival_cross, layout_basic, nicolae_ecumenical_snake_handling
D:2:      layout_basic, serial_shops, shop
D:3:      layout_loops_ring, mainiacjoe_overflow_alcove_3, serial_shops,
          nicolae_diamond_shop, minivault_4, minmay_misc_feat_columns,
          kennysheep_decorative_pillar, amcnicky_mini_pool_small,
          minmay_misc_feat_plants
D:4:      minmay_recursive_quarters, layout_cave_pools
D:5:      nicolae_BIG_FREAKIN_CUBE, layout_loops_cross, serial_shops,
          kennysheep_mini, minmay_misc_feat_doors, uniq_sigmund, uniq_duvessa
D:6:      layout_loops_ring, minmay_temple_entry_glass, lemuel_flame_loot_1,
          uniq_pikel
D:7:      layout_rooms, chequers_big_river, uniq_maggie, uniq_joseph
D:8:      minmay_blocky_corners, layout_basic, worms_lemuel,
          uniq_prince_ribbit1, uniq_grum, uniq_psyche, uniq_harold
Temple:   regret_index_temple_generic_petals
Abyss:1:  base:
D:2

Skill      XL: |  1  2  3  4  5  6  7  8  9 10 |
---------------+-------------------------------+-----
Transmutations | 1 2 3 4 5 |  5.2
Earth Magic    | 4 5 6 7 9 10 11 | 11.3
Dodging        | 2 3 4 5 |  5.4
Spellcasting   | 3 4 5 6 7 8 |  8.6
Stealth        | |  2.1

Action                   |  1- 3 |  4- 6 |  7- 9 | 10-12 || total
-------------------------+-------+-------+-------+-------++-------
Melee: Unarmed           |    17 |     3 |    13 |       ||    33
       Hand axe          |       |       |   113 |    18 ||   131
       Punch             |       |       |     3 |       ||     3
 Cast: Sandblast         |    59 |    45 |     3 |     1 ||   108
       Stone Arrow       |       |     2 |    81 |    50 ||   133
 Stab: Sleeping          |       |       |     2 |       ||     2
Armor: Robe              |    18 |     8 |    80 |    24 ||   130
Dodge: Dodged            |    22 |    10 |   111 |    53 ||   196
